 Dungeon Crawl Stone Soup version 0.30.1 (webtiles) character file.

Game seed: 2855980157172211523

63 LynnLen the Chopper (level 4, 0/41 HPs)
             Began as a Hill Orc Monk on July 3, 2023.
             Slain by Natasha (9 damage)
             ... on level 2 of the Dungeon.
             The game lasted 00:01:53 (855 turns).

LynnLen the Chopper (Hill Orc Monk)                  Turns: 855, Time: 00:01:54

Health: 0/41       AC:  2    Str: 15    XL:     4   Next: 9%
Magic:  4/4        EV: 12    Int: 10    God:
Gold:   71         SH:  0    Dex: 13    Spells: 3/3 levels left

rFire   . . .        a - +0 hand axe
rCold   . . .        d - orb {light}
rNeg    . . .        b - +0 robe
rPois   .            (no helmet)
rElec   .            (no cloak)
rCorr   .            (no gloves)
SInv    .            (no boots)
Will    .....        (no amulet)
Stlth   +            (no ring)
HPRegen 0.26/turn    (no ring)
MPRegen 0.09/turn

%: no passive effects
@: confused, ambrosia-drunk, glowing
A: no striking features
a: no special abilities


You were on level 2 of the Dungeon.
You visited 1 branch of the dungeon, and saw 2 of its levels.

You collected 71 gold pieces.

Inventory:

Hand Weapons
 a - a +0 hand axe (weapon)
Armour
 b - a +0 robe (worn)
 d - an orb of light (worn)
 e - a +0 buckler
Scrolls
 f - a scroll of fog {unknown}
 g - a scroll of identify {unknown}
 h - a scroll of vulnerability {unknown}
 i - a scroll of poison {unknown}


   Skills:
 + Level 4.5 Fighting
 + Level 5.7 Axes
 - Level 2.4 Dodging


You had 3 spell levels left.
You didn't know any spells.
Your spell library was empty.

Dungeon Overview and Level Annotations

Branches:
Dungeon (2/15)

Altars:

Shops:
D:1 [=

Annotations:
D:2 Natasha


Message History

You hit the endoplasm.
You kill the endoplasm!
Natasha, Servant of Life and Death comes into view.
There is a stone staircase leading up here.
You see here a metallic dark potion.
A giant cockroach comes into view.
There is a stone staircase leading up here.
You hit Natasha but do no damage. Natasha claws you.
You hit Natasha.
Natasha is moderately wounded.
Natasha claws you.
You barely miss Natasha.
Natasha is moderately wounded.
Natasha closely misses you.
You barely miss Natasha.
Natasha is moderately wounded.
You hit the giant cockroach but do no damage.
Natasha claws you.
* * * LOW HITPOINT WARNING * * *
The giant cockroach misses you.
A hobgoblin comes into view.
Natasha misses you.
The giant cockroach attacks as you move away!
The giant cockroach misses you.
Natasha mumbles some strange words.
The giant cockroach closely misses you.
The giant cockroach bites you but does no damage.
Natasha hisses.
There is an escape hatch in the floor here.
You are confused.
You feel invigorated. The cerulean imp barely misses you.
The giant cockroach completely misses you.
Natasha claws you.
* * * LOW HITPOINT WARNING * * *
You barely miss the giant cockroach. You hit Natasha.
The giant cockroach barely misses you.
The cerulean imp hits you from afar with a +0 spear.
* * * LOW HITPOINT WARNING * * *
Natasha claws you!
You die...

########
#......#
#......#
#..!...#
#...5h@#
#..<.B.#
#......#
......g...#
.......$####
........#
........#
........#
........#


You could see Natasha, a cerulean imp (summoned), a giant cockroach and a
hobgoblin.

Vanquished Creatures
  Jessica (D:2)
  2 adders (D:1)
  2 worms
  A ball python (D:1)
  An endoplasm (D:2)
  A goblin (D:1)
  A hobgoblin (D:1)
  3 jackals (D:1)
  A frilled lizard (D:1)
  2 kobolds (D:1)
15 creatures vanquished.

Notes
Turn   | Place    | Note
-------+----------+-------------------------------------------
     0 | D:1      | LynnLen the Hill Orc Monk began the quest for the Orb.
     0 | D:1      | Reached XP level 1. HP: 19/19 MP: 1/1
    57 | D:1      | Found Efour's Antique Armour Emporium.
   135 | D:1      | Found Ishep's Jewellery Emporium.
   306 | D:1      | Reached XP level 2. HP: 14/27 MP: 2/2
   670 | D:2      | Noticed Jessica
   763 | D:1      | Reached skill level 5 in Axes
   763 | D:1      | Reached XP level 3. HP: 29/33 MP: 3/3
   770 | D:2      | Killed Jessica
   771 | D:2      | Reached XP level 4. HP: 25/41 MP: 4/4
   841 | D:2      | Noticed Natasha
   855 | D:2      | Slain by Natasha

Illustrated notes

Levels and vault maps discovered:
D:1:      lemuel_arrival_broad_hall, layout_basic, serial_shops, shop, shop
D:2:      layout_basic, serial_shops, shop_statue, uniq_sigmund, uniq_jessica,
          uniq_natasha

Skill      XL: |  1  2 |
---------------+-------+-----
Fighting       | 4 |  4.5
Axes           | 5 |  5.7
Dodging        | |  2.4

Action                     |  1- 3 |  4- 6 || total
---------------------------+-------+-------++-------
  Melee: Hand axe          |    50 |    12 ||    62
    Use: Potion            |       |     1 ||     1
 Armour: Robe              |     5 |     1 ||     6
  Dodge: Dodged            |    35 |     9 ||    44
